 Dungeon Crawl Stone Soup version 0.19.0-2-gae57169 (webtiles) character file.

100 Millan the Covered (level 4, -3/28 HPs)
             Began as a Gargoyle Fighter on Nov 3, 2016.
             Was an Initiate of the Shining One.
             Killed by divine providence
             ... invoked by an orc priest
              (13 damage)
             ... on level 3 of the Dungeon.
             The game lasted 00:11:38 (2324 turns).

Millan the Covered (Gargoyle Fighter)               Turns: 2324, Time: 00:11:39

Health: -3/28      AC: 14    Str: 20    XL:     4   Next: 73%
Magic:  4/4        EV:  5    Int:  9    God:    the Shining One [......]
Gold:   69         SH:  9    Dex:  9    Spells: 0 memorised, 3 levels left

rFire  . . .     SeeInvis .     a - +0 flail
rCold  . . .     Gourm    .     j - +0 chain mail
rNeg   + . .     Faith    .     c - +0 shield
rPois  ∞         Spirit   .     (no helmet)
rElec  +         Reflect  .     (no cloak)
rCorr  .         Harm     .     (no gloves)
MR     .....                    t - +0 pair of boots
Stlth  ..........               (no amulet)
                                (no ring)
                                (no ring)

@: glowing
A: negative energy resistance 1, electricity resistance, unbreathing,
petrification resistance, rot immunity, AC +3
a: Renounce Religion


You were on level 3 of the Dungeon.
You worshipped the Shining One.
The Shining One was noncommittal.
You were hungry.

You visited 1 branch of the dungeon, and saw 3 of its levels.

You collected 69 gold pieces.

Inventory:

Hand Weapons
 a - a +0 flail (weapon)
 i - a +0 mace
 k - a +0 hunting sling
 m - a +0 dagger of holy wrath
Missiles
 p - 8 bolts
 q - 44 arrows
Armour
 b - a +0 scale mail
 c - a +0 shield (worn)
 f - a +0 robe
 j - a +0 chain mail (worn)
 t - a +0 pair of boots (worn)
Jewellery
 g - an uncursed ring of stealth {unknown}
Scrolls
 h - a scroll of teleportation
 r - a scroll of blinking {unknown}
Potions
 d - a potion of might
 l - a potion of cure mutation {unknown}
 n - a potion of curing {unknown}
Books
 s - a book of Cantrips

   Spells                             Type                      Level
   a - Confusing Touch                Hexes                        1
   b - Animate Skeleton               Necromancy                   1
   c - Summon Small Mammal            Summoning                    1
   d - Apportation                    Translocation                1
Comestibles
 o - a meat ration
 u - a slice of pizza


   Skills:
 + Level 3.4 Fighting
 + Level 3.2 Maces & Flails
 + Level 0.1 Throwing
 + Level 4.1 Armour
 + Level 0.2 Dodging
 + Level 4.1 Shields


You had 3 spell levels left.
You didn't know any spells.

Dungeon Overview and Level Annotations

Branches:
Dungeon (3/15)

Altars:
Uskayaw
The Shining One


Innate Abilities, Weirdness & Mutations

You are resistant to torment.
Your stone body is resilient. (AC +3)
You are immune to poison.
You resist negative energy. (rN+)
You are resistant to electric shocks. (rElec)
You can survive without breathing.
You are immune to petrification.
You are immune to rotting.


Message History

Okay, then.
The orc priest shouts!
The orc priest invokes the aid of Beogh against you.
Beogh smites you!
Throwing (i - inventory):
e - 2 javelins (quivered)
Press: ? - help, Shift-Dir - straight line, f/p - orc priest
Aim: an orc priest, wielding a dagger and wearing a ring mail You throw a javelin.
The javelin barely misses the orc priest.
The orc priest calls down the wrath of Beogh upon you.
You are unaffected.
Throwing (i - inventory):
e - a javelin (quivered)
Press: ? - help, Shift-Dir - straight line, f/p - orc priest
Aim: an orc priest, wielding a dagger and wearing a ring mail You throw a javelin.
The javelin closely misses the orc priest.
You are feeling hungry.
The orc priest mumbles some strange prayers to Beogh against you.
Beogh smites you!
You die...

...
######(#
#....#.#
#.####.#
#....#.#
#..#.#o#
##.#.#.#
#.#)#.#
#.#.#@#
#.#)#.#
#<#...#
#######


You could see an orc priest.

Vanquished Creatures
  An orc wizard (D:3)
  3 adders (D:2)
  A dart slug (D:2)
  A leopard gecko (D:2)
  2 orcs (D:3)
  3 bats (D:2)
  4 giant cockroaches
  6 goblins
  3 hobgoblins
  2 frilled lizards (D:2)
  8 kobolds
  9 rats
43 creatures vanquished.

Notes
Turn   | Place    | Note
-------+----------+-------------------------------------------
     0 | D:1      | Millan the Gargoyle Fighter began the quest for the Orb.
     0 | D:1      | Reached XP level 1. HP: 14/14 MP: 1/1
   284 | D:1      | Reached XP level 2. HP: 19/19 MP: 2/2
  1009 | D:2      | Found a glowing golden altar of the Shining One.
  1012 | D:2      | Became a worshipper of the Shining One
  1151 | D:2      | Found a hide-covered altar of Uskayaw.
  1168 | D:2      | Reached XP level 3. HP: 11/23 MP: 3/3
  1473 | D:2      | Reached XP level 4. HP: 19/28 MP: 4/4
  2324 | D:3      | Killed from afar by an orc priest

Skill      XL: |  1  2  3  4 |
---------------+-------------+-----
Armour         | 4 |  4.1
Maces & Flails | 3 |  3.2
Shields        | 4 |  4.1
Fighting       | |  3.4
Throwing       | |  0.1
Dodging        | |  0.2

Action                   |  1- 3 |  4- 6 || total
-------------------------+-------+-------++-------
Melee: Flail             |   118 |    80 ||   198
Throw: Javelin           |     9 |     4 ||    13
  Use: Scroll            |     3 |       ||     3
  Eat: Bread ration      |     1 |       ||     1
Armor: Scale mail        |     7 |       ||     7
       Chain mail        |    61 |    66 ||   127
Dodge: Dodged            |    28 |    20 ||    48
Block: Shield            |    61 |    66 ||   127
